 Dungeon Crawl Stone Soup version 0.31-a0-187-gba352fbbf7 (webtiles) character file.

Game seed: 6909478844004238456

123 Gorgondantess the Ruffian (level 4, 0/34 HPs)
             Began as a Demigod Transmuter on June 22, 2023.
             Slain by an orc
             ... wielding a +0 flail
              (8 damage)
             ... on level 3 of the Dungeon.
             The game lasted 00:04:51 (1858 turns).

Gorgondantess the Ruffian (Demigod Transmuter)      Turns: 1858, Time: 00:04:52

Health: 0/34       AC:  4    Str: 15    XL:     4   Next: 52%
Magic:  4/9        EV: 12    Int: 15    God:
Gold:   144        SH:  0    Dex: 20    Spells: 3/7 levels left

rFire   . .          .
                       - Unarmed
rCold   . . .        (no shield)
rNeg    . . .        c - +0 leather armour
rPois   .            (no helmet)
rElec   .            (no cloak)
rCorr   .            (no gloves)
SInv    .            k - +0 pair of boots
Will    .....        (no amulet)
Stlth   +            n - +6 ring of dexterity
HPRegen 0.25/turn    (no ring)
MPRegen 0.11/turn

%: no passive effects
@: no status effects
A: high MP 1, forlorn, divine attributes
a: no special abilities


You were on level 3 of the Dungeon.
You visited 1 branch of the dungeon, and saw 3 of its levels.

You collected 144 gold pieces.

Inventory:

Missiles
 g - 10 boomerangs
Armour
 a - a +0 robe
 c - a +0 leather armour (worn)
 k - a +0 pair of boots (worn)
 l - a +0 ring mail
 q - a +0 buckler
Jewellery
 n - a +6 ring of dexterity (left hand)
Scrolls
 d - 2 scrolls of noise {unknown}
 e - a scroll of enchant weapon {unknown}
 h - 2 scrolls of teleportation {unknown}
 i - a scroll of vulnerability {unknown}
 o - a scroll of fog {unknown}
Potions
 b - 2 potions of lignification
 f - a potion of curing {unknown}
 j - a potion of invisibility {unknown}
 m - 2 potions of brilliance {unknown}
 p - a potion of might {unknown}


   Skills:
 - Level 0.8 Fighting
 - Level 1.7 Dodging
 * Level 4.5 Unarmed Combat
 - Level 2.0 Spellcasting
 + Level 2.3 Transmutations
 - Level 1.0 Poison Magic


You had 3 spell levels left.
You knew the following spells:

 Your Spells              Type           Power      Damage    Failure   Level
a - Beastly Appendage     Tmut           16%        N/A       11%         1
b - Spider Form           Tmut/Pois      6%         N/A       38%         3

Your spell library contained the following spells:

 Spells                   Type           Power      Damage    Failure   Level
 Wereblood                Tmut           8%         N/A       16%         2
 Ice Form                 Ice/Tmut       5%         N/A       86%         4


Dungeon Overview and Level Annotations

Branches:
Dungeon (3/15)

Shops:
D:2 :


Innate Abilities, Weirdness & Mutations

You have an increased reservoir of magic. (+10% MP)
You shall have no god before yourself.
Your divine heritage dramatically boosts your attributes as you level up.


Message History

You now have 144 gold pieces (gained 14).
There is an open door here. 2 orc priests come into view.
Found a shimmering blue altar of Sif Muna.
The orc priest shouts!
An orc comes into view. It is wielding a +0 flail.
The orc priest moves out of view.
You grow a pair of large bovine horns.
Your feet morph into talons.
Your +0 pair of boots melds into your body.
Casting: Beastly Appendage (safe; 11% risk of failure)
Confirm with . or Enter, or press ? or * to list all spells.
You miscast Spider Form.
You are very lightly contaminated with residual magic.
Nothing appears to happen.
Casting: Spider Form (quite dangerous; 38% risk of failure)
Confirm with . or Enter, or press ? or * to list all spells.
You miscast Spider Form.
You feel incredibly sick!
You are poisoned.
You feel sick.
Your transformation is almost over.
You feel sick. The orc attacks as you move away! The orc barely misses you.
You feel sick. The orc attacks as you move away! The orc barely misses you.
You feel sick. The orc attacks as you move away! The orc misses you.
You feel sick.
You are no longer poisoned.
An orc comes into view. It is wielding a +0 dagger.
There is an open door here.
The orc attacks as you move away! The orc hits you with a +0 flail.
The orc priest begins to cast a cantrip, but forgets the words!
Your horns disappear.
Your talons disappear.
Your +0 pair of boots unmelds from your body.
The orc attacks as you move away! The orc hits you with a +0 flail.
The orc priest miscasts a cantrip.
The orc attacks as you move away! The orc completely misses you.
The orc attacks as you move away! The orc closely misses you.
The orc attacks as you move away! The orc hits you with a +0 flail.
* * * LOW HITPOINT WARNING * * *
Your magical contamination has completely faded away.
The orc attacks as you move away! The orc hits you with a +0 flail!
You die...

.........#.....#.._........#
...†.†...#######...........#
.........o.................#
...##.#######o.............#
...##.# #.####..)..##).####
...##.# #.###..#..#
##.##.### #####.#
##.##......# #....... ..#
###...o.>....# ##....... .##
#.....#@.....###........
#####...###......##.....†...
.................##.........
####..#####.................
#..# #......##......... ...#
#......##...<..... ..##
#......###........ #
######## ##....... ########


You could see an orc.

Vanquished Creatures
  4 gnolls (D:2)
  3 adders (D:2)
  2 dart slugs (D:1)
  4 ball pythons
  6 endoplasms
  4 giant cockroaches (D:1)
  4 goblins
  6 hobgoblins
  3 kobolds
  4 quokkas
  3 bats
  2 frilled lizards (D:2)
  9 rats
54 creatures vanquished.

Notes
Turn   | Place    | Note
-------+----------+-------------------------------------------
     0 | D:1      | Gorgondantess the Demigod Transmuter began the quest for
                  | the Orb.
     0 | D:1      | Reached XP level 1. HP: 15/15 MP: 5/5
   133 | D:1      | Reached skill level 3 in Unarmed Combat
   196 | D:1      | Reached XP level 2. HP: 22/22 MP: 5/7
  1027 | D:2      | Reached XP level 3. HP: 24/27 MP: 6/8
  1031 | D:2      | Learned a level 3 spell: Spider Form
  1099 | D:2      | Found Boxokur's Book Emporium.
  1113 | D:2      | Reached skill level 4 in Unarmed Combat
  1356 | D:2      | Reached XP level 4. HP: 27/34 MP: 7/9
  1358 | D:2      | Reached skill level 1 in Poison Magic
  1858 | D:3      | Slain by an orc

Illustrated notes

Levels and vault maps discovered:
D:1:      minmay_arrival_wavy_path, layout_basic, minmay_misc_feat_tower,
          corexii_leaking_fountain
D:2:      layout_loops_ring, serial_shops, shop
D:3:      minmay_razor_zed, layout_rooms, lemuel_round_altar,
          amcnicky_altar_gilded, overflow_temple_1_default, old_standard_altar,
          kennysheep_generic_room_4

Skill      XL: |  1  2  3  4 |
---------------+-------------+-----
Unarmed Combat | 3 4 |  4.5
Spellcasting   | 2 |  2.0
Transmutations | 2 |  2.3
Poison Magic   | 1 |  1.0
Fighting       | |  0.8
Dodging        | |  1.7

Action                     |  1- 3 |  4- 6 || total
---------------------------+-------+-------++-------
  Melee: Unarmed           |   110 |    26 ||   136
         Kick              |    16 |     4 ||    20
         Punch             |     3 |     2 ||     5
         Headbutt          |     6 |       ||     6
   Cast: Beastly Appendage |    22 |     4 ||    26
 Armour: Leather armour    |    27 |     1 ||    28
         Robe              |     2 |       ||     2
  Dodge: Dodged            |    64 |    19 ||    83

Table legend: (Time is in decaauts)
 A = Elapsed time spent in this place.
 B = Non-inter-level travel time spent in this place.
 C = Inter-level travel time spent in this place.
 D = Time resting spent in this place.
 E = Time spent auto-exploring this place.
 F = Levels seen in this place.
 G = Mean time per level.
                   A        B        C        D        E       F      G
               +--------+--------+--------+--------+--------+-----+--------+
         Total |   1848 |   1739 |    109 |      0 |   1295 |   3 |  616.0 |
       Dungeon |   1848 |   1739 |    109 |      0 |   1295 |   3 |  616.0 |
               +--------+--------+--------+--------+--------+-----+--------+

Top non-repeatable levels by time:
     D:1: 921 daAuts
     D:2: 782 daAuts
     D:3: 144 daAuts
